AoeStats
← FrankSinatrap

Four Lakes

509811745Analyzed
1v1 RM · 5d ago on Sep 28, 2026· 29m 41s· 2 players
Game mode
Random Map
Map size
Tiny (2 player)
Population
200
Speed
Normal
Resources
Standard
Victory
Conquest
Starting age
Dark Age
Ending age
Imperial Age
RankedLock teamsTeams togetherTeam positionsShared explorationLock speedFull tech treeHidden civsTurbo modeCheats
Victory
Defeat
🇮🇳 Varangians · India
1175
+19
🇲🇽 Dravidians · Mexico
1236
-41
Vipera Berus
11:22 Feudal Age
12:17 Loom
15:33 Castle Age
13:53 Fishing Lines
14:11 Double-Bit Axe
14:22 Gold Mining
18:10 Medium Warships
19:03 Fletching
22:51 Bloodlines
29:48 Wheelbarrow
FrankSinatrap
6:26 Loom
10:05 Feudal Age
10:11 Man-at-Arms
11:41 Double-Bit Axe
13:20 Fletching
19:40 Castle Age
18:54 Padded Archer Armor
20:25 Bodkin Arrow
20:45 Crossbowman
23:10 Ballistics
27:22 Leather Archer Armor
28:20 Fishing Lines
29:01 Devotion
Connection lost

Rejoining the realm…

Still unreachable

The connection could not be restored.

Session expired

The server has moved on; the page needs a fresh start.